 Dungeon Crawl Stone Soup version 0.27.1-33-g824d729ab1 (webtiles) character file.

Game seed: 17924317563226812358

7 Descartes the Sneak (level 1, 0/11 HPs)
             Began as a Felid Wanderer on Nov 25, 2021.
             Slain by a jackal (3 damage)
             ... on level 1 of the Dungeon.
             The game lasted 00:00:42 (405 turns).

Descartes the Sneak (Felid Wanderer)                 Turns: 405, Time: 00:00:43

Health: 0/11       AC:  1    Str:  8    XL:     1   Next: 91%
Magic:  2/2        EV: 17    Int: 13    God:
Gold:   15         SH:  0    Dex: 15    Spells: 0/0 levels left
                                        Lives:  0   Deaths: 0

rFire    . . .     SeeInvis +   (weapon unavailable)
rCold    . . .     Faith    .   (shield unavailable)
rNeg     . . .     Spirit   .   (armour unavailable)
rPois    .         Reflect  .   (helmet unavailable)
rElec    .         Harm     .   (cloak unavailable)
rCorr    .         Rampage  .   (gloves unavailable)
Will     .....                  (boots unavailable)
Stlth    +++.......             (no amulet)
HPRegen  0.03/turn              (no ring)
MPRegen  0.08/turn              (no ring)

@: quick
A: very small, claws 1, fangs 3, see invisible, speed 1, shaggy fur 1, stealthy
paws, no weapons or thrown items, no armour, multi-lived
a: no special abilities


You were on level 1 of the Dungeon.
You visited 1 branch of the dungeon, and saw 1 of its levels.

You collected 15 gold pieces.

Inventory:

Jewellery
 f - a ring of protection from cold
Scrolls
 b - a scroll of teleportation
 d - a scroll of summoning {unknown}
 e - 2 scrolls of identify {unknown}
 g - a scroll of magic mapping {unknown}
Potions
 a - a potion of berserk rage
 c - a potion of curing {unknown}


   Skills:
 - Level 4.0 Fighting
 * Level 2.3 Dodging
 - Level 5.3 Stealth
 + Level 0.7 Unarmed Combat
 - Level 1.1 Evocations


You couldn't memorise any spells.
You didn't know any spells.
Your spell library was empty.

Dungeon Overview and Level Annotations

Branches:
Dungeon (1/15)

Altars:


Innate Abilities, Weirdness & Mutations

You have sharp claws.
You have razor-sharp teeth.
You have supernaturally acute eyesight. (SInv)
You cover ground quickly. (Speed+)
You are covered in fur. (AC +1)
Your paws help you pounce on unaware monsters.
You are incapable of wielding weapons or throwing items.
You cannot wear armour.
You gain extra lives every three experience levels.


Message History

You are too injured to fight recklessly!
You are too injured to fight recklessly!
You are too injured to fight recklessly!
You are too injured to fight recklessly!
You are too injured to fight recklessly!
You are too injured to fight recklessly!
You are too injured to fight recklessly!
You are too injured to fight recklessly!
You are too injured to fight recklessly!
You are too injured to fight recklessly!
You are too injured to fight recklessly!
You are too injured to fight recklessly!
You are too injured to fight recklessly!
You are too injured to fight recklessly!
You are too injured to fight recklessly!
You are too injured to fight recklessly!
You are too injured to fight recklessly!
You are too injured to fight recklessly!
You are too injured to fight recklessly!
You are too injured to fight recklessly!
You are too injured to fight recklessly!
You are too injured to fight recklessly!
Unknown command.
You scratch the jackal.
The jackal is severely wounded.
The jackal bites you.
* * * LOW HITPOINT WARNING * * *
The jackal closely misses you.
You closely miss the jackal. You bite the jackal, but do no damage.
The jackal is severely wounded.
The jackal completely misses you.
You scratch the jackal but do no damage.
The jackal is severely wounded.
The jackal barely misses you. The jackal closely misses you.
Found a stone staircase leading down.
The jackal barely misses you.
The ball python hisses angrily.
The jackal bites you.
You die...

## #.# #.. ?#..# #.# #
#.#.# #.# #.##S#.# #.#
#$†#..###.####
.#.##.#.#.S....#
........#......#
..>............#########
###########..K.h@.......
.#.......#########
................#
.>.#.......####.### ##
####.#### #.#.# ## #.#
#.#.#
....###.#######.#.#
................#.#
#######.######..#.#


You could see a jackal, a ball python and a kobold.

Vanquished Creatures
  2 bats (D:1)
  A goblin (D:1)
  A jackal (D:1)
  3 rats (D:1)
7 creatures vanquished.

Notes
Turn   | Place    | Note
-------+----------+-------------------------------------------
     0 | D:1      | Descartes the Felid Wanderer began the quest for the Orb.
     0 | D:1      | Descartes set off with the following items: a potion of
                  | berserk rage, a scroll of teleportation
     0 | D:1      | Reached XP level 1. HP: 11/11 MP: 2/2
   405 | D:1      | Slain by a jackal

Illustrated notes

Levels and vault maps discovered:
D:1:      elethiomel_arrival_infinity_welcomes_careful_drivers, layout_basic,
          minmay_small_reverse_x

Skill      XL: |  1 |
---------------+----+-----
Dodging        | 2 |  2.3
Fighting       | |  4.0
Stealth        | |  5.3
Unarmed Combat | |  0.7
Evocations     | |  1.1

Action                   || total
-------------------------++-------
Melee: Unarmed           ||    22
       Bite              ||     2
 Stab: Sleeping          ||     2
Armor: Skin              ||     6
Dodge: Dodged            ||    31
